 Dungeon Crawl Stone Soup version 0.32-a0-685-g93135e8 (webtiles) character file.

Game seed: 826356875545963972

109 Dorkslayer the Ducker (level 4, -5/31 HPs)
             Began as an Octopode Fighter on Mar 12, 2024.
             Was an Initiate of Dithmenos.
             Slain by a sleepcap (8 damage)
             ... on level 4 of the Dungeon.
             The game lasted 00:05:14 (2644 turns).

Dorkslayer the Ducker (Octopode Fighter)            Turns: 2644, Time: 00:05:15

Health: -5/31      AC:  1    Str: 17    XL:     4   Next: 90%
Magic:  4/4        EV: 13    Int: 10    God:    Dithmenos [......]
Gold:   117        SH:  9    Dex: 11    Spells: 3/3 levels left

rFire   . . .        b - +1 war axe
rCold   . . .        a - +0 buckler
rNeg    . . .        (helmet restricted)
rPois   +            c - amulet of reflection
rElec   .            i - ring of poison resistance
rCorr   .            (no ring)
SInv    .            (no ring)
Will    .....        (no ring)
Stlth   +++          (no ring)
HPRegen 0.25/turn    (no ring)
MPRegen 0.09/turn    (no ring)
                     (no ring)

%: reflection
@: no status effects
A: almost no armour, amphibious, 8 rings, camouflage 1, gelatinous body 1,
(nimble swimmer 1), tentacles
a: Renounce Religion


You were on level 4 of the Dungeon.
You worshipped Dithmenos.
Dithmenos was noncommittal.
You visited 1 branch of the dungeon, and saw 4 of its levels.

You collected 117 gold pieces.

Inventory:

Hand Weapons
 b - a +1 war axe (weapon)
 j - a +0 hand axe
Armour
 a - a +0 buckler (worn)
Jewellery
 c - an amulet of reflection (around mantle)
 i - a ring of poison resistance (left tentacle)
Talismans
 h - a maw talisman
Scrolls
 d - a scroll of enchant armour {unknown}
 g - a scroll of revelation
 k - a scroll of fog {unknown}
 n - a scroll of noise {unknown}
 p - a scroll of silence
Potions
 m - a potion of ambrosia
 o - a potion of brilliance


   Skills:
 + Level 3.3 Fighting
 + Level 3.6 Dodging
 + Level 1.4 Stealth
 + Level 3.5 Shields
 * Level 3.1 Unarmed Combat
 * Level 1.0 Shapeshifting


You had 3 spell levels left.
You didn't know any spells.
Your spell library contained the following spells:

 Spells                   Type           Power      Damage    Failure   Level
 Frozen Ramparts          Ice            0%         1d1       82%         3
 Ozocubu's Armour         Ice            0%         N/A       82%         3
 Metabolic Englaciation   Hex/Ice        0%         N/A       100%        5


Dungeon Overview and Level Annotations

Branches:
Dungeon (4/15)
 Temple: D:4-7

Altars:
Dithmenos
Elyvilon
Kikubaaqudgha
Xom
The Shining One


Innate Abilities, Weirdness & Mutations

You cannot wear most types of armour.
You are amphibious.
You can wear up to eight rings at the same time.
Your skin changes colour to match your surroundings (Stealth+).
Your rubbery body absorbs attacks. (AC +1, EV +1)
((You are camouflaged when in or above water. (Stealth+)))
You have tentacles for arms and can constrict up to eight enemies at once.


Message History

You block the steam dragon's attack.
You slash the steam dragon!
The steam dragon is heavily wounded.
You hit the sleepcap. The steam dragon closely misses you.
You block the steam dragon's attack.
The sleepcap is engulfed in a cloud of scalding steam.
The sleepcap barely misses you.
The sleepcap is engulfed in a cloud of scalding steam.
You block the sleepcap's attack.
The steam dragon bites you but does no damage.
The steam dragon claws you.
* * * LOW HITPOINT WARNING * * *
Unknown command.
You barely miss the steam dragon.
The steam dragon is heavily wounded.
You hit the sleepcap but do no damage. You hit the ball python.
You kill the ball python!
Dithmenos accepts your kill. You block the sleepcap's attack.
You block the steam dragon's attack. The steam dragon closely misses you.
You feel better. You block the sleepcap's attack.
The steam dragon completely misses you. The steam dragon claws you.
You hit the steam dragon but do no damage.
The steam dragon is heavily wounded.
You hit the sleepcap but do no damage. The steam dragon bites you.
* * * LOW HITPOINT WARNING * * *
The steam dragon claws you but does no damage.
You block the sleepcap's attack. x2; The steam dragon closely misses you.
The steam dragon claws you.
* * * LOW HITPOINT WARNING * * *
You barely miss the steam dragon.
The steam dragon is heavily wounded.
You hit the sleepcap but do no damage. The sleepcap closely misses you.
You block the steam dragon's attack. The steam dragon claws you.
* * * LOW HITPOINT WARNING * * *
You hit the steam dragon but do no damage.
The steam dragon is heavily wounded.
You hit the sleepcap but do no damage. You block the steam dragon's attack. x2
The sleepcap closely misses you. The sleepcap releases spores at you!
You die...

,,,,,*** ##........####....
**,*,,,* ##..........###....
**,*,,,* ##............###...
,*,*,,,* ##..............##...
,*,*,,,* ##................##..
,+,*,,,* #......!.[........,##'
,***,,,****#......ß....ß.....,#..
,,,,,,,,,,,#....fD..........,,#..
,,,,,,****,+....@†..........,,+.#
*,,,,,****,+...?............,,+..
,,,,,,,,,,,#.........[......,,###
****+******#(.....ß....ß....,,*
,,,,,* #...............,,,*
****** ##..............,,**
##............,,** **
*******##..........,,** * ,*
*,,,,,,***,,,,,,,,,,** #


You could see a steam dragon and a sleepcap.

Vanquished Creatures
  An orc priest (D:3)
  A gnoll (D:1)
  2 adders (D:2)
  A ribbon worm (D:3)
  A dart slug (D:2)
  4 orcs
  2 bats (D:1)
  3 endoplasms
  2 giant cockroaches
  A goblin (D:1)
  3 hobgoblins
  4 jackals (D:4)
  5 kobolds
  2 quokkas
  5 ball pythons
  2 frilled lizards
  5 rats
44 creatures vanquished.

Notes
Turn   | Place    | Note
-------+----------+-------------------------------------------
     0 | D:1      | Dorkslayer the Octopode Fighter began the quest for the
                  | Orb.
     0 | D:1      | Reached XP level 1. HP: 16/16 MP: 1/1
   119 | D:1      | Reached XP level 2. HP: 21/21 MP: 2/2
   477 | D:1      | Reached XP level 3. HP: 26/26 MP: 3/3
  1794 | D:3      | Reached XP level 4. HP: 20/31 MP: 4/4
  1796 | D:3      | Found an ancient bone altar of Kikubaaqudgha.
  1871 | D:3      | Found a white marble altar of Elyvilon.
  1891 | D:3      | Found a glowing golden altar of the Shining One.
  2079 | D:3      | Found a shadowy altar of Dithmenos.
  2092 | D:3      | Reached skill level 1 in Stealth
  2127 | D:3      | Became a worshipper of Dithmenos the Shadowed
  2457 | D:3      | Found a shimmering altar of Xom.
  2541 | D:4      | Reached skill level 1 in Shapeshifting
  2631 | D:4      | Noticed a steam dragon
  2644 | D:4      | Slain by a sleepcap

Illustrated notes

Levels and vault maps discovered:
D:1:      dpeg_arrival_pits, layout_basic, serial_forest,
          infiniplex_forest_straight_2, infiniplex_forest_clump_tiny,
          infiniplex_forest_corner_1, infiniplex_forest_split,
          infiniplex_forest_straight_2, infiniplex_forest_lined_corner
D:2:      layout_basic, grunt_decor_resistance
D:3:      layout_loops_corners, kiku_gazebo_pond_becter, lemuel_tele_altar,
          lemuel_coloured_pillars_altar, mainiacjoe_overflow_small_starburst,
          mainiacjoe_overflow_boulevard
D:4:      layout_basic, kennysheep_big_empty_room

Skill      XL: |  1  2  3  4 |
---------------+-------------+-----
Stealth        | 1 |  1.4
Unarmed Combat | 3 |  3.1
Shapeshifting  | 1 |  1.0
Fighting       | |  3.3
Dodging        | |  3.6
Shields        | |  3.5

Action                     |  1- 3 |  4- 6 || total
---------------------------+-------+-------++-------
  Melee: Unarmed           |   171 |     9 ||   180
         Constrict         |    18 |     9 ||    27
         Tentacles         |    57 |     5 ||    62
         Punch             |     4 |       ||     4
         War axe           |       |    17 ||    17
    Use: Scroll            |       |     6 ||     6
         Potion            |       |     4 ||     4
   Stab: Sleeping          |     6 |     4 ||    10
 Armour: Skin              |    17 |    16 ||    33
  Dodge: Dodged            |    29 |    26 ||    55
  Block: Buckler           |    22 |    15 ||    37
         Reflection        |     1 |       ||     1

Table legend: (Time is in decaauts)
 A = Elapsed time spent in this place.
 B = Non-inter-level travel time spent in this place.
 C = Inter-level travel time spent in this place.
 D = Time resting spent in this place.
 E = Time spent auto-exploring this place.
 F = Levels seen in this place.
 G = Mean time per level.
                   A        B        C        D        E       F      G
               +--------+--------+--------+--------+--------+-----+--------+
         Total |   2649 |   2649 |      0 |      0 |   1535 |   4 |  662.2 |
       Dungeon |   2649 |   2649 |      0 |      0 |   1535 |   4 |  662.2 |
               +--------+--------+--------+--------+--------+-----+--------+

Top non-repeatable levels by time:
     D:1: 919 daAuts
     D:3: 844 daAuts
     D:2: 727 daAuts
     D:4: 158 daAuts
